 Dungeon Crawl Stone Soup version 0.30.0-15-g856e2d3f33 (webtiles) character file.

Game seed: 2753716772707850346

92 Sobieck the Sneak (level 4, -2/21 HPs)
             Began as a Spriggan Earth Elementalist on May 18, 2023.
             Was an Initiate of Vehumet.
             Slain by an orc priest
             ... wielding a +0 mace
              (4 damage)
             ... on level 4 of the Dungeon.
             The game lasted 00:05:24 (2873 turns).

Sobieck the Sneak (Spriggan Earth Elementalist)     Turns: 2873, Time: 00:05:25

Health: -2/21      AC:  3    Str:  4    XL:     4   Next: 35%
Magic:  7/10       EV: 17    Int: 18    God:    Vehumet [......]
Gold:   130        SH:  0    Dex: 15    Spells: 7/10 levels left

rFire   . . .        i - +0 dagger {short}
rCold   . . .        (no shield)
rNeg    . . .        a - +0 robe
rPois   .            (helmet restricted)
rElec   .            s - +0 cloak
rCorr   .            (gloves unavailable)
SInv    +            (boots unavailable)
Will    .....        (no amulet)
Stlth   +++          (no ring)
HPRegen 0.23/turn    (no ring)
MPRegen 0.12/turn

%: no passive effects
@: very quick
A: very small, no large weapons, unfitting armour, see invisible, speed 3
a: Renounce Religion


You were on level 4 of the Dungeon.
You worshipped Vehumet.
Vehumet was noncommittal.
You visited 2 branches of the dungeon, and saw 5 of its levels.

You collected 130 gold pieces.


Innate Abilities, Weirdness & Mutations

You are very small and have problems with some larger weapons.
You are too small for most types of armour.
You have supernaturally acute eyesight. (SInv)
You cover ground extremely quickly. (Speed+++)


   Skills:
 + Level 1.0 Short Blades
 + Level 3.2 Dodging
 + Level 3.8 Stealth
 * Level 3.6 Spellcasting
 * Level 2.9 Transmutations
 * Level 3.2 Earth Magic


You had 7 spell levels left.
You knew the following spells:

 Your Spells              Type           Power      Damage    Failure   Level
a - Sandblast             Erth           28%        2d8       4%          1
b - Passwall              Tmut/Erth      11%        N/A       7%          2

Your spell library contained the following spells:

 Spells                   Type           Power      Damage    Failure   Level
 Stone Arrow              Conj/Erth      18%        3d8       24%         3
 Petrify                  Tmut/Erth      14%        N/A       41%         4

Inventory:

Hand Weapons
 d - a +0 mace {mace}
   (You found it on level 1 of the Dungeon)
 i - a +0 dagger (weapon) {short}
   (You took it off a kobold on level 1 of the Dungeon)
 v - a +2 whip of venom {mace}
   (You took it off an orc on level 3 of the Dungeon)
Missiles
 e - 60 stones {throwing}
Armour
 a - a +0 robe (worn)
 s - a +0 cloak (worn)
   (You found it on level 3 of the Dungeon)
Scrolls
 c - a scroll of poison {unknown}
 f - 3 scrolls of identify {unknown}
 h - 3 scrolls of torment {unknown}
 l - 2 scrolls of enchant armour {unknown}
 o - a scroll of summoning {unknown}
 q - a scroll of fog {unknown}
 t - a scroll of amnesia {unknown}
 u - a scroll of teleportation {unknown}
Potions
 b - a potion of magic
 g - a potion of heal wounds {unknown}
 j - a potion of lignification {unknown}
 k - a potion of brilliance {unknown}
 m - a potion of ambrosia {unknown}
 n - a potion of flight {unknown}
 p - 2 potions of haste {unknown}
 r - a potion of curing {unknown}

Dungeon Overview and Level Annotations

Branches:
Dungeon (4/15) Zot: 21853  Temple (1/1) D:4 Zot: 5940

Altars:
Elyvilon
Gozag
Hepliaklqana
Makhleb
Nemelex Xobeh
Okawaru
Qazlal
Ru
Trog
Uskayaw
Vehumet
Wu Jian
Yredelemnul
Zin

Shops:
D:2 :

Annotations:
D:3 1 runed translucent door, Daunt's ghost, amateur MiGl

...........#
#.......o#.#
..........##
#......J...#
..........#
#..........#
..........#
#....o.....#
#.......###
##..#.8.#..##
#####....####
###.........
####....######8.>.8..#.
###......##.....####
#.@o.....<#.8.##
#...........###
##.........##
##.........#
##........# ###.......#
#.#.....# ..####..#
#.## ###


You could see an orc priest.


Message History

Level annotation: 1 runed translucent door, Daunt's ghost, amateur MiGl
There is a stone staircase leading down here.
Unknown command.
You start resting.
You start resting.
You climb downwards.
The orc closely misses you. x2
There is a stone staircase leading up here.
Danger!
Unknown command.
Unknown command.
The orc closely misses you.
You climb upwards.
Level annotation: 1 runed translucent door, Daunt's ghost, amateur MiGl
There is a stone staircase leading down here.
Unknown command.
Unknown command.
Unknown command.
The blast of sand hits the orc!
You kill the orc!
Vehumet accepts your kill.
Unknown command.
v - a +2 whip of venom {mace}
Things that are here:
a +0 ring mail; an orc corpse Unknown command.
There is a stone staircase leading down here.
You climb downwards.
There is a stone staircase leading up here.
Unknown command.
Unknown command.
You start waiting.
An orc priest is nearby!
Danger!
Unknown command.
Unknown command.
The blast of sand hits the orc priest but does no damage.
The blast of sand hits the orc priest but does no damage.
The orc priest barely misses you.
The blast of sand hits the orc priest but does no damage.
The orc priest hits you with a +0 mace.
Unknown command.
The blast of sand hits the orc priest but does no damage.
The orc priest misses you. The orc priest completely misses you.
Unknown command.
The blast of sand hits the orc priest but does no damage.
The orc priest hits you with a +0 mace.
Unknown command.
The blast of sand hits the orc priest but does no damage.
The orc priest hits you with a +0 mace!
* * * LOW HITPOINT WARNING * * *
The orc priest hits you with a +0 mace.
* * * LOW HITPOINT WARNING * * *
Unknown command.
You are too injured to fight recklessly!
Unknown command.
The orc priest looks satisfied for a moment.
There is a stone staircase leading up here.
The orc priest looks braver for a moment.
You climb upwards.
Level annotation: 1 runed translucent door, Daunt's ghost, amateur MiGl
There is a stone staircase leading down here.
Unknown command.
You start resting.
You start resting.
Unknown command.
You climb downwards.
The orc priest calls down the wrath of Beogh upon you.
Beogh smites you!
Ouch! That really hurt!
* * * LOW HITPOINT WARNING * * *
There is a stone staircase leading up here.
Danger!
Casting: Sandblast (safe; 4% risk of failure)
Confirm with . or Enter, or press ? or * to list all spells.
Aiming: Sandblast (safe; 4% risk of failure)
Press: ? - help, Shift-Dir - straight line, f - orc priest
Aim: an orc priest, wielding a +0 mace and wearing a +0 chain mail (87% to hit)
The blast of sand hits the orc priest.
The orc priest misses you.
Casting: Sandblast (safe; 4% risk of failure)
Confirm with . or Enter, or press ? or * to list all spells.
Aiming: Sandblast (safe; 4% risk of failure)
Press: ? - help, Shift-Dir - straight line, f/p - orc priest
Aim: an orc priest, wielding a +0 mace and wearing a +0 chain mail (moderately wounded, 87% to hit)
The blast of sand hits the orc priest but does no damage.
The orc priest closely misses you.
Unknown command.
Casting: Sandblast (safe; 4% risk of failure)
Confirm with . or Enter, or press ? or * to list all spells.
Aiming: Sandblast (safe; 4% risk of failure)
Press: ? - help, Shift-Dir - straight line, f/p - orc priest
Aim: an orc priest, wielding a +0 mace and wearing a +0 chain mail (moderately wounded, 87% to hit)
The blast of sand hits the orc priest but does no damage.
The orc priest closely misses you. The orc priest hits you with a +0 mace!
* * * LOW HITPOINT WARNING * * *
Unknown command.
Casting: Sandblast (safe; 4% risk of failure)
Confirm with . or Enter, or press ? or * to list all spells.
Okay, then.
Unknown command.
The orc priest hits you with a +0 mace.
You die...

Skill      XL: |  1  2  3 |
---------------+----------+-----
Dodging        | 3 |  3.2
Spellcasting   | 3 |  3.6
Transmutations | 2 |  2.9
Earth Magic    | 3 |  3.2
Short Blades   | 1 |  1.0
Stealth        | |  3.8

Action                     |  1- 3 |  4- 6 || total
---------------------------+-------+-------++-------
  Melee: Dagger            |       |     3 ||     3
   Cast: Sandblast         |    65 |    34 ||    99
 Armour: Robe              |     1 |       ||     1
  Dodge: Dodged            |    13 |    13 ||    26

Levels and vault maps discovered:
D:1:      sevenhm_arrival_forest_fort_small_5, layout_rooms, minmay_pentomino_o4
D:2:      layout_rooms, serial_bayou_lagoon_a, nicolae_shop_vocational
D:3:      layout_loops_ring, nicolae_elyvilon_temple_path,
          gammafunk_ghost_grave, serial_bayou_pond_b
D:4:      cheibrodos_old_hovel, layout_cave_pods,
          minmay_temple_entry_statues_pillars, nicolae_eternal_life
Temple:   nicolae_temple_ecumenical_triangle

Notes
Turn   | Place    | Note
-------+----------+-------------------------------------------
     0 | D:1      | Sobieck the Spriggan Earth Elementalist began the quest for
                  | the Orb.
     0 | D:1      | Reached XP level 1. HP: 9/9 MP: 5/5
   148 | D:1      | Reached XP level 2. HP: 13/13 MP: 1/6
   286 | D:1      | Reached skill level 3 in Dodging
   309 | D:1      | Reached skill level 3 in Spellcasting
   309 | D:1      | Reached skill level 2 in Transmutations
   511 | D:1      | Reached XP level 3. HP: 16/16 MP: 4/8
  1026 | D:2      | Found Jis Cau's Vocational Training.
  1042 | D:2      | Reached skill level 3 in Earth Magic
  1068 | D:2      | Reached skill level 1 in Short Blades
  1365 | D:2      | Reached XP level 4. HP: 21/21 MP: 6/10
  2088 | D:3      | Found a runed translucent door.
  2089 | D:3      | Noticed Daunt's ghost (amateur MiGl)
  2156 | D:3      | Found a white marble altar of Elyvilon.
  2557 | D:4      | Found a staircase to the Ecumenical Temple.
  2566 | Temple   | Entered the Ecumenical Temple
  2646 | Temple   | Became a worshipper of Vehumet
  2668 | D:4      | Learned a level 2 spell: Passwall
  2796 | D:4      | HP: 4/21 [orc priest/+0 mace (5)]
  2872 | D:4      | HP: 1/21 [orc priest/+0 mace (9)]
  2873 | D:4      | Slain by an orc priest

Vanquished Creatures
  An adder (D:2)
  2 worms (D:2)
  2 dart slugs (D:1)
  3 orcs
  5 ball pythons
  9 bats
  8 endoplasms
  2 giant cockroaches (D:1)
  5 goblins
  7 hobgoblins
  3 quokkas
  2 frilled lizards
  9 kobolds
  5 rats
63 creatures vanquished.

Table legend:
 A = Non-vault XP
 B = Vault XP
 C = Vault XP percentage of total XP
 D = Non-vault monster count
 E = Vault monster count
 F = Vault count percentage of total count
                 A         B        C        D         E       F
            +---------+---------+-------+---------+---------+-------
      Total |     124 |       8 |   6.1 |      58 |       5 |   7.9
            +---------+---------+-------+---------+---------+-------
        D:1 |      48 |       7 |  12.7 |      26 |       4 |  13.3
        D:2 |      51 |       0 |   0.0 |      19 |       0 |   0.0
        D:3 |      17 |       1 |   5.6 |      10 |       1 |   9.1
        D:4 |       8 |       0 |   0.0 |       3 |       0 |   0.0
            +---------+---------+-------+---------+---------+-------

Skill      XL: |  1  2  3 |
---------------+----------+-----
Dodging        | 3 |  3.2
Spellcasting   | 3 |  3.6
Transmutations | 2 |  2.9
Earth Magic    | 3 |  3.2
Short Blades   | 1 |  1.0
Stealth        | |  3.8

Action                     |  1- 3 |  4- 6 || total
---------------------------+-------+-------++-------
  Melee: Dagger            |       |     3 ||     3
   Cast: Sandblast         |    65 |    34 ||    99
 Armour: Robe              |     1 |       ||     1
  Dodge: Dodged            |    13 |    13 ||    26

Illustrated notes

Table legend:
 A = Kills in this place as a percentage of kills in the entire game.
 B = Kills by you in this place as a percentage of kills by you in the entire game.
 C = Kills by friends in this place as a percentage of kills by friends in the entire game.
 D = Other kills in this place as a percentage of other kills in the entire game.
 E = Experience gained in this place as a percentage of experience gained in the entire game.
 F = Experience gained in this place divided by the number of levels of this place that you have seen.
                   A       B       C       D       E      F
               +-------+-------+-------+-------+-------+----------------------
         Total | 100.0 | 100.0 |   N/A |   N/A | 100.0 |  26.4
       Dungeon | 100.0 | 100.0 |   N/A |   N/A | 100.0 |  33.0
               +-------+-------+-------+-------+-------+----------------------

Table legend: (Time is in decaauts)
 A = Elapsed time spent in this place.
 B = Non-inter-level travel time spent in this place.
 C = Inter-level travel time spent in this place.
 D = Time resting spent in this place.
 E = Time spent auto-exploring this place.
 F = Levels seen in this place.
 G = Mean time per level.
                   A        B        C        D        E       F      G
               +--------+--------+--------+--------+--------+-----+--------+
         Total |   2204 |   2153 |     51 |    180 |   1573 |   5 |  440.8 |
       Dungeon |   2145 |   2105 |     40 |    180 |   1573 |   4 |  536.2 |
        Temple |     59 |     49 |     10 |      0 |      0 |   1 |   59.0 |
               +--------+--------+--------+--------+--------+-----+--------+

Top non-repeatable levels by time:
     D:1: 755 daAuts
     D:3: 681 daAuts
     D:2: 627 daAuts
     D:4: 81 daAuts
  Temple: 59 daAuts
